 Dungeon Crawl Stone Soup version bcrawl-1.29.2 (console) character file.

Game seed: 6205761186729157384

249489 GodsVoicemail the Destroyer (level 11, -7/78 HPs)
             Began as a Demonspawn Wizard on Feb 22, 2021.
             Was a Priest of Ru.
             Mangled by Harold
             ... wielding a +0 trident of freezing
              (20 damage)
             ... on level 9 of the Dungeon on Feb 23, 2021.
             The game lasted 01:55:06 (15435 turns).

GodsVoicemail the Destroyer (Demonspawn Wizard)    Turns: 15435, Time: 01:55:06

Health: -7/78      AC:  4    Str:  8    XL:     11   Next: 36%
Magic:  10/19      EV: 13    Int: 23    God:    Ru [***...]
Gold:   498        SH:  0    Dex: 13    Spells: 7/21 levels left

rFire    . . .     SeeInvis +   b - staff of air
rCold    . . .     Gourm    .   (shield unavailable)
rNeg     . . .     Faith    .   F - +0 robe
rPois    +         Spirit   .   H - +1 hat
rElec    +         Reflect  .   (no cloak)
rCorr    .         Harm     .   (no gloves)
MR       .....                  D - +0 pair of boots
Stlth    ++++......             p - amulet of magic regeneration
HPRegen  0.23/turn              (ring unavailable)
MPRegen  0.41/turn              C - ring of the Monkey {rPois Dex+2 SInv Stlth++}

@: drained
A: claws 2, horns 1, talons 2, powered by death 1, powered by pain 2, missing a
hand
a: Draw Out Power, Renounce Religion


You were on level 9 of the Dungeon.
You worshipped Ru.
Ru was most pleased with you.
You were hungry.

You visited 3 branches of the dungeon, and saw 12 of its levels.

You collected 942 gold pieces.
You spent 444 gold pieces at shops.

Inventory:

Hand Weapons
 y - a +5 short sword
 z - a +3 dagger of venom
Missiles
 A - 89 javelins (quivered)
Armour
 g - a +0 buckler
 D - a +0 pair of boots (worn)
 F - a +0 robe (worn)
 H - a +1 hat (worn)
Magical Staves
 a - an uncursed staff of power
 b - an uncursed staff of air (weapon)
Jewellery
 m - a +4 ring of strength {unknown}
 p - an amulet of magic regeneration (around neck)
 q - an uncursed ring of resist corrosion
 C - the ring of the Monkey (right claw) {rPois Dex+2 SInv Stlth++}
   (You bought it in a shop on level 7 of the Dungeon)

   [ring of stealth]

   It affects your dexterity (+2).
   It protects you from poison.
   It lets you see invisible.
   It makes you much more stealthy.
 G - an uncursed ring of flight
Wands
 d - a wand of disintegration (14)
 n - a wand of random effects (7)
 r - a wand of iceblast (9)
 x - a wand of digging (14)
Scrolls
 i - 5 scrolls of identify
 o - 2 scrolls of noise {unknown}
 s - 5 scrolls of teleportation
 t - 2 scrolls of enchant armour {unknown}
 u - 4 scrolls of blinking
 v - 4 scrolls of remove curse
 w - 4 scrolls of immolation {unknown}
 B - 3 scrolls of magic mapping {unknown}
 E - a scroll of enchant weapon
Potions
 f - 5 potions of brilliance
 h - 2 potions of heal wounds
 j - 5 potions of curing {unknown}
 k - a potion of ambrosia {unknown}
 l - 4 potions of flight {unknown}
Comestibles
 c - 2 chunks of flesh
 e - 12 rations {!d}


   Skills:
 - Level 4.4(3.8) Fighting
 * Level 5.8(5.2) Staves
 - Level 0.4(0.0) Throwing
 - Level 4.5(3.9) Dodging
 - Level 2.0(1.4) Stealth
 + Level 5.9(5.3) Spellcasting
 - Level 9.9(9.2) Conjurations
 - Level 2.5(1.9) Summonings
 - Level 2.5(1.9) Translocations
 - Level 1.0(0.4) Transmutations
 + Level 5.4(4.7) Fire Magic
 + Level 5.4(4.8) Air Magic
 + Level 4.4(3.7) Evocations


You had 7 spell levels left.
You knew the following spells:

 Your Spells              Type           Power        Failure   Level  Hunger
a - Magic Dart            Conj           ####         1%          1    None
b - Blink                 Tloc           N/A          6%          2    None
c - Call Imp              Summ           ##....       6%          2    None
d - Mephitic Cloud        Conj/Pois/Air  #####...     4%          3    None
e - Conjure Flame         Conj/Fire      #####...     1%          3    ##.....
f - Ignite Poison         Fire/Tmut/Pois ##......     14%         3    ##.....

Your spell library contained the following spells:

 Spells                   Type           Power        Failure   Level  Hunger
 Sting                    Conj/Pois      ####         1%          1    None
 Poisonous Vapours        Pois/Air       ####..       5%          2    None
 Spider Form              Tmut/Pois      #..          26%         3    ##.....
 Venom Bolt               Conj/Pois      ####......   36%         5    ######.
 Summon Scorpions         Summ/Pois      ##......     52%         4    ####...
 Olgreb's Toxic Radiance  Pois           #........    67%         4    ####...


Dungeon Overview and Level Annotations

Branches:
Dungeon (10/12)            Temple (1/1) D:4            Lair (1/6) D:7
    Orc: D:8-11

Altars:
Ashenzari
Cheibriados
Dithmenos
Elyvilon
Fedhas
Gozag
Hepliaklqana
Kikubaaqudgha
Lugonu
Makhleb
Nemelex Xobeh
Okawaru
Qazlal
Ru
Sif Muna
Trog
Uskayaw
Vehumet
Wu Jian
Xom
Yredelemnul
Zin
The Shining One

Shops:
D:6 ?   D:7 (}*?=   D:9 (

Annotations:
D:2 exclusions: downstairs and ooze, Robin
D:6 exclusion: death yak
D:7 3 runed translucent doors, exclusions: downstairs and upstairs, Sarzael's ghost, novice DsFi
D:9 Harold
Lair:1 Sonja


Innate Abilities, Weirdness & Mutations

You have very sharp fingernails.
You have a pair of small horns on your head.
You have razor-sharp toenails.
You regenerate a little health from kills.
You sometimes gain power by taking damage.
You are missing a hand.


Message History

Harold freezes you.
* * * LOW HITPOINT WARNING * * *
Harold blocks your crimson imp's attack.
You hit Harold but do no damage.
Harold is severely wounded.
Harold blocks your crimson imp's attack.
Your crimson imp hits Harold but does no damage.
Harold hits your crimson imp with a +0 trident of freezing!
Harold freezes your crimson imp.
Your crimson imp dies!
You hit Harold but do no damage.
Harold is severely wounded.
Your crimson imp hits Harold.
Harold begins to cast a spell, but is stunned by your will!
Harold blocks your crimson imp's attack.
You hit Harold but do no damage.
Harold is electrocuted!
Harold is severely wounded.
Your crimson imp hits Harold but does no damage.
Harold hits you with a +0 trident of freezing!!
You die...

#.......[....# #. #......).....#
#.
#########............###########.
.................................
..............(..................
......#########...###############
......# #..(# #
......#########@..###############
..............55@.)..............
.......................[.........
.##############..................
.##############........).........
.................................
..<..............................
#######..########................
#..# #[##############.
#######..########.##############.


You could see Harold and 2 friendly crimson imps.

Vanquished Creatures
  A centaur warrior (D:9)
  An ogre mage (D:8)
  Pikel (D:6)
  Joseph (D:8)
  A meliai (D:9)
  3 hippogriffs
  A slime creature (D:9)
  A spriggan (D:9)
  A wyvern (D:7)
  10 yaks
  A basilisk (D:7)
  A hungry ghost (D:9)
  An acid dragon (D:7)
  2 crocodiles (D:7)
  A water moccasin (D:7)
  3 orc warriors
  A necrophage (D:9)
  3 ice beasts
  A sky beast (D:5)
  3 slaves (D:5)
  2 ogres (D:4)
  2 centaurs
  3 bullfrogs
  3 big kobolds
  A scorpion (D:6)
  5 killer bees
  13 wights
  4 electric eels (D:6)
  6 howler monkeys
  6 crimson imps
  A quasit (D:5)
  3 centaur skeletons
  3 centaur zombies
  6 hounds
  3 orc priests
  A bullfrog skeleton (D:7)
  3 jellies
  3 iguanas
  6 orc wizards
  6 worker ants
  2 hound zombies
  2 hound skeletons
  10 gnolls
  3 adders
  A howler monkey skeleton (D:6)
  4 shadow imps
  4 oozes (D:2)
  An adder zombie (D:8)
  An adder skeleton (D:4)
  A worm (D:5)
  4 dart slugs
  2 leopard geckos
  32 orcs
  3 giant cockroaches
  25 goblins
  29 hobgoblins
  12 jackals
  6 quokkas
  8 bats
  5 frilled lizards
  A jackal skeleton (D:6)
  23 kobolds
  4 rats
301 creatures vanquished.

Vanquished Creatures (collateral kills)
  A troll (D:6)
  A slime creature (D:9)
  2 orc warriors (D:8)
  3 bullfrogs
  A wight (D:9)
  An ooze (D:1)
9 creatures vanquished.

Vanquished Creatures (others)
  A yak (D:9)
  A slave (D:6)
  A crimson imp (D:8)
  A gnoll (D:6)
  An orc (D:6)
  6 goblins (D:6)
  3 hobgoblins (D:6)
  5 fungi
  6 toadstools (D:2)
25 creatures vanquished.

Grand Total: 335 creatures vanquished

Notes
Turn   | Place    | Note
-------+----------+-------------------------------------------
     0 | D:1      | GodsVoicemail the Demonspawn Wizard began the quest for the
                  | Orb.
     0 | D:1      | Reached XP level 1. HP: 13/13 MP: 4/4
   145 | D:1      | Reached skill level 2 in Conjurations
   211 | D:1      | Gained mutation: You sometimes gain a little power by
                  | taking damage. [demonic ancestry]
   211 | D:1      | Reached XP level 2. HP: 15/19 MP: 3/6
   214 | D:1      | Learned a level 2 spell: Blink
   217 | D:1      | Learned a level 2 spell: Call Imp
   898 | D:2      | Reached skill level 3 in Conjurations
   900 | D:2      | Noticed Robin
   932 | D:1      | Gained mutation: You have sharp toenails. [demonic
                  | ancestry]
   932 | D:1      | Reached XP level 3. HP: 24/24 MP: 5/7
  2216 | D:1      | Learned a level 3 spell: Mephitic Cloud
  2565 | D:2      | Found a faded altar of an unknown god.
  2637 | D:2      | Became a worshipper of Ru the Awakened
  3054 | D:3      | Gained mutation: You have sharp fingernails. [demonic
                  | ancestry]
  3054 | D:3      | Reached XP level 4. HP: 30/30 MP: 5/8
  3104 | D:3      | Reached skill level 4 in Conjurations
  3365 | D:3      | Found a basalt altar of Yredelemnul.
  3515 | D:3      | Found a glowing golden altar of the Shining One.
  3518 | D:3      | Noticed an angel
  4222 | D:2      | Reached XP level 5. HP: 35/35 MP: 7/9
  4299 | D:2      | Reached skill level 1 in Air Magic
  4502 | D:2      | Reached skill level 5 in Conjurations
  5097 | D:4      | Noticed an ogre
  5476 | D:4      | Gained mutation: You sometimes gain power by taking damage.
                  | [demonic ancestry]
  5476 | D:4      | Reached XP level 6. HP: 25/41 MP: 4/10
  5531 | D:4      | Learned a level 3 spell: Conjure Flame
  5812 | D:4      | Reached skill level 6 in Conjurations
  5935 | D:4      | Gained mutation: You have razor-sharp toenails. [demonic
                  | ancestry]
  5935 | D:4      | Reached XP level 7. HP: 46/46 MP: 7/11
  6068 | D:4      | Found a staircase to the Ecumenical Temple.
  6102 | Temple   | Entered the Ecumenical Temple
  6455 | D:4      | Reached skill level 7 in Conjurations
  6863 | D:5      | Entered Level 5 of the Dungeon
  7480 | D:5      | Reached skill level 1 in Fighting
  7480 | D:5      | Gained mutation: You regenerate a little health from kills.
                  | [demonic ancestry]
  7480 | D:5      | Reached XP level 8. HP: 54/54 MP: 9/12
  7491 | D:5      | Reached skill level 1 in Fire Magic
  7552 | D:5      | Found a radiant altar of Vehumet.
  7552 | D:5      | Found a bloodstained altar of Trog.
  7552 | D:5      | Found a sacrificial altar of Ru.
  7926 | D:5      | Reached skill level 8 in Conjurations
  8278 | D:6      | Found an ornate altar of the Wu Jian Council.
  8322 | D:6      | Noticed Pikel
  8530 | D:6      | Killed Pikel
  8583 | D:6      | Found a sparkling altar of Nemelex Xobeh.
  8631 | D:6      | Found a hide-covered altar of Uskayaw.
  8659 | D:6      | Found Uhaletye's Magic Scroll Boutique.
  8663 | D:6      | Bought a scroll of teleportation for 42 gold pieces
  8758 | D:6      | Reached XP level 9. HP: 25/63 MP: 15/15
  9160 | D:6      | Gained mutation: You are missing a hand. [Ru sacrifice]
  9160 | D:6      | Reached * piety under Ru
  9160 | D:6      | Reached ** piety under Ru
  9160 | D:6      | Reached *** piety under Ru
  9398 | D:6      | Reached skill level 9 in Conjurations
  9586 | D:6      | Noticed a troll
  9724 | D:6      | Killed a troll
  9725 | D:6      | Reached skill level 1 in Translocations
 10182 | D:7      | Found Sefuichipom's Magic Scroll Emporium.
 10198 | D:7      | Found Foicoh's General Store.
 10203 | D:7      | Bought the ring of the Monkey {rPois Dex+2 SInv Stlth++}
                  | for 402 gold pieces
 10261 | D:7      | Noticed a death yak
 10267 | D:7      | Found a staircase to the Lair.
 10333 | D:7      | Found Vavyaf's Gadget Boutique.
 10346 | D:7      | Found Puxkumit's Antique Weapon Boutique.
 10946 | D:7      | Reached skill level 5 in Spellcasting
 11015 | D:7      | Found Elistuus's Jewellery Boutique.
 11157 | D:7      | Gained mutation: You have very sharp fingernails. [demonic
                  | ancestry]
 11157 | D:7      | Reached XP level 10. HP: 33/73 MP: 12/17
 11489 | D:7      | Found a runed translucent gate.
 11490 | D:7      | Found a runed translucent gate.
 11490 | D:7      | Found a runed translucent gate.
 11491 | D:7      | Noticed Sarzael's ghost (novice DsFi)
 11644 | D:7      | Reached skill level 1 in Evocations
 11798 | Lair:1   | Entered Level 1 of the Lair of Beasts
 11820 | Lair:1   | Noticed Sonja
 11888 | D:8      | Noticed an ogre mage
 11913 | D:8      | Reached skill level 1 in Staves
 12113 | D:8      | Noticed Joseph
 12134 | D:8      | Learned a level 3 spell: Ignite Poison
 12426 | D:8      | Killed an ogre mage
 12696 | D:8      | Killed Joseph
 13545 | D:9      | Noticed a centaur warrior
 13790 | D:9      | Noticed Harold
 14244 | D:9      | Killed a centaur warrior
 14245 | D:9      | Reached skill level 5 in Staves
 14245 | D:9      | Reached skill level 1 in Transmutations
 14245 | D:9      | Reached skill level 5 in Fire Magic
 14245 | D:9      | Reached skill level 5 in Air Magic
 14245 | D:9      | Gained mutation: You have a pair of small horns on your
                  | head. [demonic ancestry]
 14245 | D:9      | Reached XP level 11. HP: 47/78 MP: 19/19
 14424 | D:9      | Found Igatah's Weapon Shoppe.
 14780 | D:10     | Entered Level 10 of the Dungeon
 15435 | D:9      | Mangled by Harold

Skill      XL: |  1  2  3  4  5  6  7  8  9 10 11 |
---------------+----------------------------------+-----
Conjurations   | 2 3 4 5 6 7 8 9 |  9.9
Air Magic      | 1 2 3 5 |  5.4
Summonings     | 2 |  2.5
Dodging        | 2 3 4 |  4.5
Fighting       | 1 3 4 |  4.4
Fire Magic     | 2 3 5 |  5.4
Spellcasting   | 4 5 |  5.9
Translocations | 2 |  2.5
Evocations     | 3 4 |  4.4
Staves         | 5 |  5.8
Transmutations | 1 |  1.0
Throwing       | |  0.4
Stealth        | |  2.0

Action                   |  1- 3 |  4- 6 |  7- 9 | 10-12 || total
-------------------------+-------+-------+-------+-------++-------
Melee: Staff             |     5 |       |       |    29 ||    34
       Kick              |     1 |     1 |    14 |       ||    16
       Dagger            |       |    11 |    85 |       ||    96
       Headbutt          |       |       |       |     2 ||     2
Throw: Javelin           |       |       |     4 |       ||     4
 Cast: Magic Dart        |   120 |   150 |   426 |   396 ||  1092
       Call Imp          |     2 |     3 |     6 |    58 ||    69
       Mephitic Cloud    |     1 |     1 |    25 |    60 ||    87
       Blink             |       |     1 |    13 |    24 ||    38
       Conjure Flame     |       |     2 |    16 |    16 ||    34
       Ignite Poison     |       |       |       |    21 ||    21
Invok: Reject Sacrifices |     1 |       |       |     1 ||     2
       Sacrifice a Hand  |       |       |     1 |       ||     1
  Use: Scroll            |       |     7 |     1 |     2 ||    10
       Potion            |       |     2 |     1 |     1 ||     4
 Stab: Sleeping          |       |     1 |       |       ||     1
       Confused          |       |       |     2 |     5 ||     7
  Eat: Chunk             |     5 |     7 |    20 |    17 ||    49
       Ration            |     1 |     1 |     1 |     2 ||     5
Armor: Robe              |    23 |     9 |    23 |    14 ||    69
Dodge: Dodged            |    46 |    39 |   131 |   139 ||   355
